 Dungeon Crawl Stone Soup version 0.29-a0-322-g68df515428 (webtiles) character file.

Game seed: 17440549559468954460

297 zishaf the Chopper (level 6, -4/51 HPs)
             Began as a Draconian Wanderer on Apr 5, 2022.
             Was a Believer of Sif Muna.
             Slain by Terence
             ... wielding a +5 short sword of venom
              (12 damage)
             ... on level 3 of the Dungeon.
             The game lasted 00:05:13 (2798 turns).

zishaf the Chopper (Draconian Wanderer)             Turns: 2798, Time: 00:05:14

Health: -4/51      AC: 10    Str: 15    XL:     6   Next: 12%
Magic:  0/10       EV: 11    Int: 13    God:    Sif Muna [**....]
Gold:   137        SH:  0    Dex: 11    Spells: 6/10 levels left

rFire   . . .      SeeInvis .   a - +2 hand axe
rCold   . . .      Faith    .   s - orb {mayhem}
rNeg    . . .      Spirit   +   (body armour unavailable)
rPois   .          Reflect  .   (helmet restricted)
rElec   .          Harm     .   v - +2 cloak
rCorr   .          Rampage  .   l - +0 pair of gloves
Will    .....                   (no boots)
Stlth   +.........              q - amulet of guardian spirit
HPRegen 0.17/turn               (no ring)
MPRegen 0.12/turn               (no ring)

@: lethally poisoned (-4 -> -20)
A: AC +6, unfitting armour, cold-blooded
a: Renounce Religion, Channel Magic


You were on level 3 of the Dungeon.
You worshipped Sif Muna.
Sif Muna was pleased with you.
You visited 1 branch of the dungeon, and saw 3 of its levels.

You collected 137 gold pieces.

Inventory:

Hand Weapons
 a - a +2 hand axe (weapon)
 m - a +1 dagger of venom
 p - a +0 hunting sling
Armour
 d - an orb of energy
 l - a +0 pair of gloves (worn)
 s - an orb of mayhem (worn)
 t - an orb of guile
 v - a +2 cloak (worn)
Jewellery
 q - an amulet of guardian spirit (around neck)
Wands
 b - a wand of polymorph (3)
Scrolls
 c - a scroll of silence
 e - 4 scrolls of identify {unknown}
 f - a scroll of magic mapping {unknown}
 g - a scroll of enchant weapon {unknown}
 i - a scroll of holy word {unknown}
 k - a scroll of teleportation {unknown}
 n - 2 scrolls of fear {unknown}
 u - a scroll of noise {unknown}
 w - a scroll of enchant armour {unknown}
Potions
 h - a potion of ambrosia {unknown}
 j - a potion of curing {unknown}
 o - a potion of invisibility
 r - a potion of attraction {unknown}
 x - a potion of haste {unknown}


   Skills:
 + Level 3.2 Fighting
 - Level 5.0 Axes
 + Level 2.8 Spellcasting
 - Level 3.0 Hexes
 + Level 1.9 Summonings
 + Level 2.5 Invocations
 - Level 2.0 Evocations


You had 6 spell levels left.
You knew the following spells:

 Your Spells              Type           Power      Damage    Failure   Level
a - Slow                  Hex            36%        N/A       7%          1
b - Summon Guardian Gole  Hex/Summ       8%         N/A       26%         3

Your spell library contained the following spells:

 Spells                   Type           Power      Damage    Failure   Level
 Gell's Gravitas          Tloc           1%         N/A       56%         3
 Lesser Beckoning         Tloc           1%         N/A       56%         3
 Teleport Other           Tloc           1%         N/A       56%         3


Dungeon Overview and Level Annotations

Branches:
Dungeon (3/15)

Altars:
Sif Muna

Shops:
D:2 (

Annotations:
D:3 Terence


Innate Abilities, Weirdness & Mutations

Your plain brown scales are hard. (AC +6)
You cannot fit into any form of body armour.
You are cold-blooded and may be slowed by cold attacks.


Message History

You barely miss the kobold.
Your tail-slap misses the kobold.
The kobold is moderately wounded.
The kobold hits you but does no damage.
You hit the kobold.
You kill the kobold!
Sif Muna accepts your kill.
The frilled lizard flies into a frenzy!
The frilled lizard hisses angrily.
The frilled lizard bites you but does no damage.
Terence shouts!
You miss the frilled lizard.
The frilled lizard completely misses you.
You slash the frilled lizard!
You kill the frilled lizard!
Sif Muna accepts your kill.
Terence flies into a frenzy!
Terence shouts!
There is an open door here.
Casting: Slow (safe; 7% risk of failure)
Confirm with . or Enter, or press ? or * to list all spells.
Aiming: Slow (safe; 7% risk of failure)
Press: ? - help, Shift-Dir - straight line, f - Terence
Aim: Terence, wielding a +5 short sword of venom and wearing a +0 ring mail (fast, strong, frenzied and insane, chance to affect: 55%) Terence seems to slow down.
Terence hits you with a +5 short sword of venom.
You are poisoned.
Terence attacks as you move away!
Terence hits you with a +5 short sword of venom!
You are lethally poisoned!
You feel extremely sick. Terence attacks as you move away!
Terence barely misses you.
You feel extremely sick.
There is an open door here.
* * * LOW HITPOINT WARNING * * *
You feel very sick.
You hit Terence.
Your tail-slap misses Terence.
Terence is lightly wounded.
* * * LOW HITPOINT WARNING * * *
You feel very sick.
Terence hits you with a +5 short sword of venom!!
You die...

#.# #)# ## ### #.# ..
..# ##'## #. #.#
##...## #.###.#
##.....## #...#.#
##.......#
.####....###.........#
..........@@.........+
####....####..>......#
#.....## ##.......##
#......# ##.....##
#.....[# ##...##
##...#)# #+## #####)#
#.# #.#


You could see the neutral Terence (fast, strong, insane, slow).

Vanquished Creatures
  Sigmund (D:2)
  2 orc wizards (D:3)
  A gnoll (D:1)
  2 adders (D:2)
  2 worms (D:2)
  A dart slug (D:2)
  An orc (D:3)
  3 ball pythons
  5 bats (D:1)
  3 endoplasms
  A giant cockroach (D:2)
  2 goblins (D:1)
  9 hobgoblins
  A quokka (D:1)
  5 frilled lizards
  6 kobolds
  8 rats
53 creatures vanquished.

Vanquished Creatures (others)
  An orc (D:3)
  2 withered plants (D:1)
3 creatures vanquished.

Grand Total: 56 creatures vanquished

Notes
Turn   | Place    | Note
-------+----------+-------------------------------------------
     0 | D:1      | zishaf the Draconian Wanderer began the quest for the Orb.
     0 | D:1      | zishaf set off with the following items: a +2 hand axe, a
                  | wand of polymorph (3), a scroll of silence; and the
                  | following spell memorised: Slow; and the following spells
                  | available to memorise: Summon Guardian Golem
     0 | D:1      | Reached XP level 1. HP: 14/14 MP: 2/2
   211 | D:1      | Reached skill level 1 in Fighting
   211 | D:1      | Reached XP level 2. HP: 8/23 MP: 2/4
   580 | D:1      | Found a faded altar of an unknown god.
   608 | D:1      | Reached XP level 3. HP: 17/28 MP: 5/5
  1002 | D:1      | Prayed at the altar of an unknown god.
  1002 | D:1      | Became a worshipper of Sif Muna the Loreminder
  1002 | D:1      | Reached * piety under Sif Muna
  1258 | D:2      | Found Fafraiga's Antique Weapon Shoppe.
  1603 | D:2      | Noticed Sigmund
  1609 | D:2      | Reached skill level 1 in Invocations
  1874 | D:1      | Learned a level 3 spell: Summon Guardian Golem
  2050 | D:2      | Reached XP level 4. HP: 32/36 MP: 7/7
  2166 | D:2      | Reached ** piety under Sif Muna
  2310 | D:2      | Killed Sigmund
  2311 | D:2      | Reached skill level 1 in Summonings
  2311 | D:2      | Reached XP level 5. HP: 45/45 MP: 4/8
  2658 | D:3      | Reached XP level 6. HP: 47/51 MP: 8/10
  2674 | D:3      | Identified the +1 robe of Okawaru's Condemnation {Int+2}
  2782 | D:3      | Noticed Terence
  2798 | D:3      | Slain by Terence

Illustrated notes

Levels and vault maps discovered:
D:1:      minmay_arrival_jagged, layout_rooms,
          ebering_ecumenical_altar_petrified
D:2:      layout_basic, serial_shops, nicolae_shop_waterfront, uniq_sigmund
D:3:      corexii_shack_village, layout_loops_corners,
          kennysheep_generic_room_14, uniq_terence, uniq_ijyb

Skill      XL: |  1  2  3  4 |
---------------+-------------+-----
Hexes          | 2 3 |  3.0
Fighting       | 1 2 3 |  3.2
Invocations    | 1 2 |  2.5
Spellcasting   | 2 |  2.8
Summonings     | 1 |  1.9
Axes           | |  5.0
Evocations     | |  2.0

Action                   |  1- 3 |  4- 6 || total
-------------------------+-------+-------++-------
Melee: Hand axe          |    93 |    49 ||   142
       Tailslap          |     8 |     6 ||    14
 Cast: Slow              |     1 |     4 ||     5
 Stab: Distracted        |     1 |       ||     1
Armor: Skin              |    54 |    19 ||    73
Dodge: Dodged            |    46 |    16 ||    62

Table legend: (Time is in decaauts)
 A = Elapsed time spent in this place.
 B = Non-inter-level travel time spent in this place.
 C = Inter-level travel time spent in this place.
 D = Time resting spent in this place.
 E = Time spent auto-exploring this place.
 F = Levels seen in this place.
 G = Mean time per level.
                   A        B        C        D        E       F      G
               +--------+--------+--------+--------+--------+-----+--------+
         Total |   2808 |   2734 |     74 |   1034 |   1218 |   3 |  936.0 |
       Dungeon |   2808 |   2734 |     74 |   1034 |   1218 |   3 |  936.0 |
               +--------+--------+--------+--------+--------+-----+--------+

Top non-repeatable levels by time:
     D:1: 1506 daAuts
     D:2: 1081 daAuts
     D:3: 220 daAuts
